 Dungeon Crawl Stone Soup version 0.18.1-6-gd335043 (webtiles) character file.

165 Musica the Poker (level 5, -7/41 HPs)
             Began as a Merfolk Gladiator on May 20, 2016.
             Was an Initiate of Fedhas.
             Mangled by a slave (8 damage)
             ... led by Pikel
             ... on level 4 of the Dungeon.
             The game lasted 00:09:32 (2060 turns).

Musica the Poker (Merfolk Gladiator)                Turns: 2060, Time: 00:09:32

Health: -7/41      AC:  6    Str: 15    XL:     5   Next: 46%
Magic:  5/5        EV: 15    Int:  8    God:    Fedhas [......]
Gold:   172        SH:  3    Dex: 15    Spells: 0 memorised, 4 levels left

rFire  . . .     SeeInvis .     a - +0 trident
rCold  . . .     Gourm    .     b - +0 leather armour
rNeg   . . .     Faith    .     h - +0 buckler
rPois  .         Spirit   .     c - +0 helmet
rElec  .         Dismiss  +     (no cloak)
rCorr  .         Reflect  .     (no gloves)
SustAt .         Harm     .     (no boots)
MR     .....                    m - amulet of dismissal
Stlth  +.........               g - +2 ring of protection
                                l - +2 ring of evasion

@: about to teleport, not resistant to hostile enchantments, very unstealthy
A: change form in water, swift swim
a: Renounce Religion


You were on level 4 of the Dungeon.
You worshipped Fedhas.
Fedhas was noncommittal.
You were not hungry.

You visited 1 branch of the dungeon, and saw 5 of its levels.

You collected 172 gold pieces.

Inventory:

Hand Weapons
 a - a +0 trident (weapon)
Missiles
 s - a tomahawk (quivered)
Armour
 b - a +0 leather armour (worn)
 c - a +0 helmet (worn)
 h - a +0 buckler (worn)
Jewellery
 g - a +2 ring of protection (right hand)
 l - a +2 ring of evasion (left hand)
 m - an amulet of dismissal (around neck)
Scrolls
 e - 8 scrolls of identify {unknown}
 k - 2 scrolls of recharging
 p - 2 scrolls of enchant armour {unknown}
 t - 3 scrolls of immolation {unknown}
Comestibles
 f - 2 bread rations
 i - a slice of pizza
 o - 2 meat rations
 q - 14 fruits


   Skills:
 + Level 3.5 Fighting
 + Level 7.0 Polearms
 + Level 2.9 Throwing
 - Level 4.0 Dodging
 * Level 0.2 Invocations


You had 4 spell levels left.
You didn't know any spells.

Dungeon Overview and Level Annotations

Branches:
Dungeon (5/15)
 Temple: D:4-7

Altars:
Fedhas
Nemelex Xobeh

Annotations:
D:5 Pikel


Message History

Read which item? (? for menu, Esc to quit)
As you read the scroll labeled NUWKIN WAREYKYE, it crumbles to dust.
It is a scroll of recharging.
You aren't carrying any rechargeable items.
The world stops spinning.
The slave hits you.
* * * LOW HITPOINT WARNING * * *
The slave hits you.
* * * LOW HITPOINT WARNING * * *
Unknown command.
Read which item? (? for menu, Esc to quit)
As you read the scroll labeled QIZOSE HUGAS, it crumbles to dust.
You feel blessed for a moment.
It was a scroll of remove curse.
The slave barely misses you. x2
Read which item? (? for menu, Esc to quit)
As you read the scroll labeled YSTYKU ANTOBEAT, it crumbles to dust.
You feel strangely unstable.
It was a scroll of teleportation.
The slave hits you!
You die...
Fedhas appreciates your contribution to the ecosystem.

####
.(# #p#
#@# #p#
#.# #.#
#.# #.#
#.#####
#(....#
###.#.#


You could see 2 slaves.

Vanquished Creatures
  An orc wizard (D:3)
  4 adders
  An ooze (D:2)
  4 worms
  2 dart slugs
  A giant gecko (D:1)
  7 orcs (D:3)
  3 ball pythons
  7 bats
  3 giant cockroaches
  8 goblins
  8 hobgoblins
  6 jackals
  6 kobolds
  2 quokkas (D:3)
  3 giant newts
  5 rats (D:2)
71 creatures vanquished.

Vanquished Creatures (others)
  A quokka (D:3)
  2 toadstools (D:3)
3 creatures vanquished.

Grand Total: 74 creatures vanquished

Notes
Turn   | Place    | Note
--------------------------------------------------------------
     0 | D:1      | Musica the Merfolk Gladiator began the quest for the Orb.
     0 | D:1      | Reached XP level 1. HP: 16/16 MP: 1/1
   118 | D:1      | Reached skill level 5 in Polearms
   118 | D:1      | Reached XP level 2. HP: 21/22 MP: 2/2
   582 | D:2      | Reached XP level 3. HP: 19/28 MP: 3/3
   702 | D:2      | Reached skill level 6 in Polearms
   755 | D:2      | Reached XP level 4. HP: 25/34 MP: 4/4
  1420 | D:3      | Reached XP level 5. HP: 15/41 MP: 5/5
  1423 | D:3      | Reached skill level 7 in Polearms
  1606 | D:3      | Found a blossoming altar of Fedhas.
  1614 | D:3      | Became a worshipper of Fedhas Madash
  1620 | D:3      | Noticed an oklob plant
  1761 | D:4      | Found a sparkling altar of Nemelex Xobeh.
  2029 | D:5      | Entered Level 5 of the Dungeon
  2029 | D:5      | Noticed an ogre
  2049 | D:5      | Noticed Pikel
  2049 | D:5      | Noticed a slave
  2049 | D:5      | Noticed a slave
  2049 | D:5      | Noticed a slave
  2049 | D:5      | Noticed a slave
  2050 | D:5      | Noticed a centaur
  2058 | D:4      | HP: 2/41 [slave[Pikel] (3)]
  2060 | D:4      | Mangled by a slave

Skill      XL: |  1  2  3  4  5 |
---------------+----------------+-----
Polearms       | 5 6 7 |  7.0
Fighting       | 3 |  3.5
Throwing       | |  2.9
Dodging        | |  4.0
Invocations    | |  0.2

Action                   |  1- 3 |  4- 6 || total
-------------------------+-------+-------++-------
Melee: Trident           |   103 |   155 ||   258
Throw: Tomahawk          |    17 |     6 ||    23
       Throwing net      |     1 |     2 ||     3
  Use: Potion            |       |     4 ||     4
       Scroll            |       |     4 ||     4
 Stab: Sleeping          |     1 |     4 ||     5
       Distracted        |     1 |       ||     1
       Held in net/web   |     1 |       ||     1
       Invisible         |       |     6 ||     6
  Eat: Chunk             |       |     4 ||     4
Armor: Leather armour    |    18 |    26 ||    44
Dodge: Dodged            |    50 |    76 ||   126
Block: Buckler           |    10 |    13 ||    23
